 Dungeon Crawl Stone Soup version 0.21.1-1-g345015f (webtiles) character file.

96 inmateoo the Chiller (level 4, -1/32 (33) HPs)
             Began as a Ghoul Ice Elementalist on Feb 11, 2018.
             Slain by baljet's ghost (8 damage)
             ... on level 3 of the Dungeon.
             The game lasted 00:04:23 (2566 turns).

inmateoo the Chiller (Ghoul Ice Elementalist)       Turns: 2566, Time: 00:04:24

HP:   -1/32 (33)    AC:  8    Str: 11    XL:     4   Next: 67%
MP:   0/6           EV: 12    Int: 11    God:
Gold: 158           SH:  0    Dex:  9    Spells: 1/7 levels left

rFire    . . .     SeeInvis .   l - +0 quarterstaff
rCold    + . .     Gourm    .   (shield currently unavailable)
rNeg     + + +     Faith    .   h - +0 robe (curse)
rPois    ∞         Spirit   .   (no helmet)
rElec    .         Reflect  .   e - +0 cloak (curse)
rCorr    .         Harm     .   (no gloves)
MR       .....                  (no boots)
Stlth    ++........             (no amulet)
HPRegen  0.00/turn              (no ring)
MPRegen  0.10/turn              (no ring)

@: icy armour (expiring), starving, rotting, slow
A: rotting body, claws 1, carnivore, cold resistance 1, negative energy
resistance 3, inhibited regeneration, torment resistance, unbreathing
a: no special abilities


You were on level 3 of the Dungeon.
You were starving.

You visited 1 branch of the dungeon, and saw 3 of its levels.

You collected 158 gold pieces.

Inventory:

Hand Weapons
 l - a +0 quarterstaff (weapon)
Armour
 e - a cursed +0 cloak (worn)
 g - a +0 buckler
 h - a cursed +0 robe (worn)
 n - a +0 pair of boots
Wands
 j - a wand of random effects (23)
Scrolls
 d - 4 scrolls of identify {unknown}
 i - a scroll of teleportation {unknown}
 m - a scroll of remove curse {unknown}
Potions
 f - 2 potions of agility {unknown}
 k - a potion of heal wounds {unknown}
Books
 b - a book of Frost

   Spells                             Type                      Level
   a - Freeze                         Ice                          1
   b - Throw Frost                    Conjuration/Ice              2
   c - Ozocubu's Armour               Charms/Ice                   3
   d - Throw Icicle                   Conjuration/Ice              4
   e - Summon Ice Beast               Ice/Summoning                4
Comestibles
 c - 3 rations


   Skills:
 + Level 0.1 Fighting
 + Level 0.1 Staves
 + Level 2.5 Dodging
 + Level 3.1 Stealth
 + Level 2.3 Spellcasting
 - Level 0.7 Conjurations
 * Level 4.4 Ice Magic


You had one spell level left.
You knew the following spells:

 Your Spells              Type           Power        Failure   Level  Hunger
a - Freeze                Ice            ##..         4%          1    ##.....
b - Throw Frost           Conj/Ice       #.....       14%         2    ###....
c - Ozocubu's Armour      Chrm/Ice       #.......     34%         3    ####...


Dungeon Overview and Level Annotations

Branches:
Dungeon (3/15)

Altars:

Annotations:
D:3 baljet's ghost, amateur HOFi


Innate Abilities, Weirdness & Mutations

Your body is rotting away.
You thrive on raw meat.
You are immune to poison.
You have sharp fingernails.
You are carnivorous and can eat meat at any time.
Your flesh is cold resistant. (rC+)
You are immune to negative energy. (rN+++)
You do not regenerate when monsters are visible.
You are immune to unholy pain and torment.
You can survive without breathing.


Message History

The hobgoblin hits you but does no damage.
The hobgoblin hits you with a club.
* * * LOW HITPOINT WARNING * * *
Casting: Freeze
Confirm with . or Enter, or press ? or * to list all spells.
Aiming: Freeze
Press: ? - help, Shift-Dir - straight line, f/p - hobgoblin
Aim: a hobgoblin, wielding a club (severely wounded, unusually strong)
You freeze the hobgoblin.
You kill the hobgoblin!
It was a potion of curing.
You feel better. Baljet's ghost hits you.
* * * LOW HITPOINT WARNING * * *
Baljet's ghost freezes you.
* * * LOW HITPOINT WARNING * * *
You feel better. The hobgoblin barely misses you.
Baljet's ghost barely misses you.
Your icy armour starts to melt.
You feel your flesh rotting away. Baljet's ghost hits you!
You die...

.. ...... ... #.# #.#...#.#
.###..### #.# #.# #.#.#.#.#
.#<.(...# #.# #.# #.#.....#
..(##.#.# ###.# #.###.###.###
...##.###.#.... #.#.....#.#
......#.#.#.#.#######.#.#.#.#.#
....#.w...............#...#.#.#
....##..#.#.#.#########.#.#.#.#
.##...........gW@<.÷......#...#
#######.#####..#........########
........w..w...#...............#
#######........#.#.......#####.#
.......###..#.#..####.# #.#
######.# ...#.#..# #.# #.#
.......#.#..# #.# #.#
##...#..#.#..# #.# #.# ........
...# #.#####.#


You could see a worm, baljet's ghost and a hobgoblin.

Vanquished Creatures
  A gnoll (D:1)
  An adder (D:2)
  4 oozes
  2 worms (D:2)
  A dart slug (D:1)
  2 leopard geckos (D:1)
  2 giant cockroaches (D:1)
  6 goblins
  5 hobgoblins
  3 jackals
  9 kobolds
  A quokka (D:2)
  A ball python (D:1)
  3 bats
  A frilled lizard (D:1)
  9 rats
51 creatures vanquished.

Notes
Turn   | Place    | Note
-------+----------+-------------------------------------------
     0 | D:1      | inmateoo the Ghoul Ice Elementalist began the quest for the Orb.
     0 | D:1      | Reached XP level 1. HP: 14/14 MP: 2/2
   130 | D:2      | Reached XP level 2. HP: 10/20 MP: 0/3
   313 | D:1      | Learned a level 2 spell: Throw Frost
   578 | D:1      | Reached XP level 3. HP: 26/26 MP: 3/5
   593 | D:1      | Learned a level 3 spell: Ozocubu's Armour
   700 | D:1      | Reached skill level 4 in Ice Magic
   981 | D:2      | Reached XP level 4. HP: 31/33 MP: 3/6
  2202 | D:3      | Noticed baljet's ghost (amateur HOFi)
  2558 | D:3      | HP: 1/31 [hobgoblin/club (4)]
  2564 | D:3      | HP: 1/33 [baljet's ghost (1)]
  2566 | D:3      | Slain by baljet's ghost

Skill      XL: |  1  2  3  4 |
---------------+-------------+-----
Dodging        | 2 |  2.5
Spellcasting   | 2 |  2.3
Ice Magic      | 4 |  4.4
Stealth        | 3 |  3.1
Fighting       | |  0.1
Staves         | |  0.1
Conjurations   | |  0.7

Action                   |  1- 3 |  4- 6 || total
-------------------------+-------+-------++-------
Melee: Unarmed           |    41 |     3 ||    44
       Quarterstaff      |       |    17 ||    17
 Cast: Freeze            |    50 |    43 ||    93
       Ozocubu's Armour  |       |     2 ||     2
  Use: Potion            |       |     2 ||     2
 Stab: Sleeping          |     2 |       ||     2
  Eat: Chunk             |     7 |     1 ||     8
Armor: Robe              |    17 |    14 ||    31
Dodge: Dodged            |    69 |    38 ||   107
